 Dungeon Crawl Stone Soup version 0.25-a0-743-g84dc20635f (webtiles) character file.

Game seed: 16885477687630624630, levelgen mode: deterministic

12331 Fukker the Grappler (level 11, -27/88 (90) HPs)
             Began as a Pale Draconian Transmuter on Apr 12, 2020.
             Was a Priest of Hepliaklqana.
             Annihilated by an ettin
             ... wielding a +0 dire flail
              (44 damage)
             ... on level 11 of the Dungeon on Apr 13, 2020.
             The game lasted 00:40:09 (11985 turns).

Fukker the Grappler (Pale Draconian Transmuter)    Turns: 11985, Time: 00:40:09

HP:   -27/88 (90)   AC:  7    Str: 14    XL:     11   Next: 61%
MP:   10/17         EV: 11    Int: 19    God:    Hepliaklqana [***...]
Gold: 420           SH:  0    Dex: 11    Spells: 0/18 levels left

rFire    x . .     SeeInvis .     - Unarmed
rCold    + + +     Gourm    .   (shield currently unavailable)
rNeg     + . .     Faith    .   (armour unavailable)
rPois    +         Spirit   .   (helmet currently unavailable)
rElec    .         Reflect  .   (cloak currently unavailable)
rCorr    .         Harm     .   (gloves currently unavailable)
MR       .....                  (boots currently unavailable)
Stlth    ++........             J - amulet of rage
HPRegen  0.24/turn              w - +3 ring of intelligence
MPRegen  0.15/turn              K - ring of positive energy

@: confusing touch, ice-form (expiring)
A: large, (breathe steam), unfitting armour, reduced essence, AC +7
a: End Transformation, Recall Ancestor, Ancestor Identity, Transference,
Renounce Religion, Evoke Berserk Rage


You were on level 11 of the Dungeon.
You worshipped Hepliaklqana.
Hepliaklqana was most pleased with you.
You were not hungry.
You were a creature of crystalline ice.
You visited 1 branch of the dungeon, and saw 11 of its levels.
You also visited: Sewer.

You collected 588 gold pieces.
You spent 168 gold pieces at shops.

Inventory:

Missiles
 a - 157 arrows
 d - 203 stones
 g - 6 curare-tipped darts
 k - 148 sling bullets
 o - 46 poisoned darts
 G - 6 boomerangs (quivered)
Armour
 j - a +2 pair of gloves (melded)
 p - a +2 hat (melded)
 x - a +0 cloak (melded)
 S - a +0 buckler
Magical Staves
 H - an uncursed staff of earth {unknown}
Jewellery
 m - an uncursed ring of resist corrosion
 t - an uncursed ring of magical power
 w - a +3 ring of intelligence (left front paw)
 J - an amulet of rage (around neck)
 K - a ring of positive energy (right front paw)
Wands
 n - a wand of flame (35)
 z - a wand of acid (8)
 F - a wand of enslavement (10)
 I - a wand of iceblast (7)
 M - a wand of digging (3)
Scrolls
 e - 2 scrolls of fear
 f - a scroll of magic mapping
 q - 3 scrolls of blinking
 r - 2 scrolls of immolation
 s - 4 scrolls of teleportation
 y - 5 scrolls of remove curse
 C - 7 scrolls of amnesia
 D - 4 scrolls of enchant armour
 E - 3 scrolls of summoning
 L - a scroll of vulnerability
 Q - a scroll of fog {unknown}
Potions
 b - a potion of might
 h - 3 potions of flight
 i - a potion of degeneration {unknown}
 l - 5 potions of heal wounds
 u - a potion of cancellation {unknown}
 v - 2 potions of haste
 A - 6 potions of curing
 B - 3 potions of resistance {unknown}
 P - a potion of invisibility {unknown}
 R - a potion of lignification {unknown}
Miscellaneous
 N - a lightning rod (4/4)
Comestibles
 c - 29 rations


   Skills:
 - Level 4.2 Fighting
 - Level 3.5 Throwing
 - Level 4.2 Dodging
 - Level 4.0 Stealth
 * Level 1.6 Shields
 - Level 12.4 Unarmed Combat
 - Level 4.2 Spellcasting
 - Level 2.5 Hexes
 - Level 9.2 Transmutations
 - Level 4.0 Ice Magic
 - Level 1.0 Poison Magic


You couldn't memorise any spells.
You knew the following spells:

 Your Spells              Type           Power        Failure   Level  Hunger
a - Beastly Appendage     Tmut           #####.       1%          1    None
b - Sticks to Snakes      Tmut           #####...     1%          2    #......
c - Spider Form           Tmut/Pois      ###.......   4%          3    ###....
d - Ice Form              Ice/Tmut       ####....     9%          4    ####...
e - Confusing Touch       Hex            ##......     14%         3    ###....
f - Blade Hands           Tmut           #####.....   9%          5    ######.

Your spell library contained the following spells:

 Spells                   Type           Power        Failure   Level  Hunger
 Passwall                 Tmut/Erth      ###.....     3%          2    #......
 Corona                   Hex            ##.....      4%          1    None
 Slow                     Hex            ##......     7%          2    #......
 Foxfire                  Conj/Fire      #...         14%         1    None
 Sandblast                Erth           #.....       14%         1    None
 Petrify                  Tmut/Erth      ###.....     21%         4    ####...
 Inner Flame              Hex/Fire       #.......     24%         3    ###....
 Portal Projectile        Hex/Tloc       #.....       24%         3    ###....
 Yara's Violent Unravell  Hex/Tmut       ####......   32%         5    ######.
 Conjure Flame            Conj/Fire      #.......     38%         3    ###....
 Gell's Gravitas          Tloc           #.........   38%         3    ###....
 Stone Arrow              Conj/Erth      #.....       38%         3    ###....
 Cause Fear               Hex            ##........   43%         4    ####...
 Leda's Liquefaction      Hex/Erth       #.........   63%         4    ####...
 Metabolic Englaciation   Hex/Ice        ###.......   67%         5    ######.
 Sticky Flame             Conj/Fire      #.......     80%         4    ####...
 Fireball                 Conj/Fire      #.........   98%         5    ######.
 Lee's Rapid Deconstruct  Erth           #.........   98%         5    ######.


Dungeon Overview and Level Annotations

Branches:
Dungeon (11/15)            Temple (0/1) D:6            Lair (0/6) D:8
  Sewer (visited)
    Orc: D:9-12

Altars:
Cheibriados
Elyvilon
Gozag
Hepliaklqana
Qazlal
Ru
Sif Muna
Vehumet
Wu Jian

Shops:
D:4 :   D:6 =   D:10 }

Annotations:
D:8 1 runed translucent door, Darkdwarf's ghost, novice DDFi


Innate Abilities, Weirdness & Mutations

((You can breathe blasts of scalding, opaque steam.))
((Your pale cyan-grey scales are hard. (AC +7)))
You cannot fit into any form of body armour.
((You are cold-blooded and may be slowed by cold attacks.))
Your life essence is reduced to manifest your ancestor. (-10% HP)


Message History

You see here a large rock.
Your transformation is almost over.
Casting: Ice Form (safe; 9% risk of failure)
Confirm with . or Enter, or press ? or * to list all spells.
Your front paws begin to glow red.
Casting: Confusing Touch (safe; 14% risk of failure)
Confirm with . or Enter, or press ? or * to list all spells.
You create a snake!
You now have 157 arrows.
Your adder bites the ettin but does no damage.
You hit the ettin but do no damage.
Your adder bites the ettin but does no damage.
The ettin hits you with a +0 dire flail!!!
* * * LOW HITPOINT WARNING * * *
The ettin hits you with a +0 dire flail.
* * * LOW HITPOINT WARNING * * *
You completely miss the ettin.
Your adder bites the ettin but does no damage.
The ettin hits you with a +0 dire flail!!!
Ouch! That really hurt!
You die...

#..................
###+++###..................
...........................
......)....................
...........................
...P..(.(..............)...
.......†...............)...
.........(CS.†......)......
..........Y.......###.....#
......###..######## #.###..
...... #.## ...# #.# ####..
#.# #.### #.# #. ..# ...
#.# .. ..## .# ##.# ...
#..# ... #.#.## #.## #
........ ########### #.#


You could see an ettin and a friendly adder.

Vanquished Creatures
  A two-headed ogre (D:8)
  Nergalle (D:10)
  A cyclops (D:11)
  A gargoyle (D:10)
  A troll (D:9)
  3 slime creatures (D:10)
  2 shadows (D:11)
  2 wyverns
  2 yaks (D:8)
  2 soldier ants (D:9)
  2 water moccasins
  A hornet zombie (D:7)
  4 sky beasts
  3 ice beasts
  10 ogres
  2 phantoms
  4 necrophages (D:7)
  2 centaurs
  A crocodile (Sewer)
  A big kobold (D:9)
  9 bullfrogs
  A water moccasin zombie (D:8)
  4 scorpions
  6 killer bees (D:7)
  12 wights
  5 electric eels
  2 crimson imps
  2 centaur zombies
  A bullfrog zombie (D:7)
  2 hounds
  2 centaur skeletons
  4 orc priests
  2 jellies (D:7)
  Crazy Yiuf (D:4)
  10 orc wizards
  7 worker ants
  2 hound zombies
  A mummy (D:7)
  2 worker ant zombies
  3 gnolls (D:3)
  6 adders
  2 shadow imps
  2 oozes (D:1)
  An adder zombie (D:7)
  2 worms
  4 dart slugs
  3 leopard geckos
  19 orcs
  11 bats
  6 giant cockroaches
  8 goblins
  5 hobgoblins
  13 jackals
  20 kobolds
  4 quokkas
  A ball python (D:3)
  4 frilled lizards
  A jackal zombie (D:7)
  2 leopard gecko skeletons
  A quokka skeleton (D:6)
  A quokka zombie (D:7)
  3 rats
  7 fungi (D:8)
  A plant (D:8)
251 creatures vanquished.

Vanquished Creatures (collateral kills)
  An ugly thing (D:11)
  2 slime creatures (D:10)
  3 hippogriffs (D:9)
  An orc warrior (D:11)
  An ice beast (D:6)
  2 black bears
  A hornet zombie (D:9)
  An ogre (D:9)
  A wyvern zombie (D:10)
  A bullfrog (D:8)
  A water moccasin zombie (D:7)
  5 wights
  A howler monkey (D:6)
  2 electric eels (D:9)
  2 crimson imps
  A centaur zombie (D:7)
  A bullfrog skeleton (D:7)
  3 orc wizards
  An iguana (D:6)
  A worker ant (D:9)
  A hound zombie (D:8)
  2 worker ant zombies
  A howler monkey zombie (D:11)
  2 adder skeletons
  A leopard gecko (D:6)
  2 orcs
  5 jackals
  A fungus (D:8)
47 creatures vanquished.

Vanquished Creatures (others)
  5 battlemagi
  5 ancestors
  12 fungi (D:8)
  8 plants (D:8)
30 creatures vanquished.

Grand Total: 328 creatures vanquished

Notes
Turn   | Place    | Note
-------+----------+-------------------------------------------
     0 | D:1      | Fukker the Draconian Transmuter began the quest for the
                  | Orb.
     0 | D:1      | Reached XP level 1. HP: 16/16 MP: 3/3
    29 | D:1      | Reached XP level 2. HP: 20/23 MP: 3/5
    45 | D:1      | Learned a level 2 spell: Sticks to Snakes
    50 | D:1      | You fall into a shaft and drop 1 floor!
   190 | D:1      | Reached skill level 4 in Unarmed Combat
   288 | D:1      | Reached XP level 3. HP: 15/28 MP: 4/6
   293 | D:1      | Learned a level 3 spell: Spider Form
  1133 | D:2      | Found a shimmering blue altar of Sif Muna.
  1510 | D:3      | Reached XP level 4. HP: 34/35 MP: 5/7
  1552 | D:3      | Reached skill level 5 in Unarmed Combat
  1553 | D:3      | Found a glowing drain.
  1566 | Sewer    | Entered a sewer
  1640 | Sewer    | Noticed a crocodile
  1651 | Sewer    | Killed a crocodile
  1651 | Sewer    | Reached XP level 5. HP: 21/40 MP: 3/9
  2079 | D:3      | Noticed an ogre
  2103 | D:3      | Killed an ogre
  2103 | D:3      | Reached skill level 1 in Stealth
  2486 | D:3      | Reached XP level 6. HP: 47/47 MP: 6/10
  2908 | D:4      | Found Vosoagruaby's Book Emporium.
  2967 | D:4      | Learned a level 4 spell: Ice Form
  3026 | D:4      | Found an ornate altar of the Wu Jian Council.
  3218 | D:4      | Found a runed translucent door.
  3219 | D:4      | Noticed Crazy Yiuf
  3228 | D:4      | Killed Crazy Yiuf
  3327 | D:4      | Found a hazy altar of Hepliaklqana.
  3350 | D:4      | Became a worshipper of Hepliaklqana the Forgotten
  3402 | D:5      | Entered Level 5 of the Dungeon
  3425 | D:5      | Got a twisted falchion
  3426 | D:5      | Identified the +4 falchion "Meivoluk" {distort, *Rage Str+6
                  | Int+3} (You found it on level 5 of the Dungeon)
  3858 | D:5      | Found a stormy altar of Qazlal.
  3921 | D:5      | Found a radiant altar of Vehumet.
  3932 | D:5      | Reached skill level 1 in Poison Magic
  3932 | D:5      | Your scales start taking on a pale cyan-grey colour.
  3932 | D:5      | Reached XP level 7. HP: 46/46 MP: 12/12
  3963 | D:5      | Reached skill level 5 in Transmutations
  4144 | D:5      | Reached skill level 1 in Throwing
  4445 | D:6      | Reached skill level 1 in Ice Magic
  4450 | D:6      | Reached XP level 8. HP: 53/53 MP: 14/14
  4456 | D:6      | Found a staircase to the Ecumenical Temple.
  4463 | D:6      | Found a white marble altar of Elyvilon.
  4562 | D:6      | Found a snail-covered altar of Cheibriados.
  4585 | D:6      | Learned a level 3 spell: Confusing Touch
  4733 | D:6      | Found Xylivirau's Jewellery Shoppe.
  4824 | D:6      | Reached * piety under Hepliaklqana
  5505 | D:7      | Reached XP level 9. HP: 40/57 MP: 15/15
  5726 | D:7      | Reached skill level 1 in Hexes
  6279 | D:7      | Reached skill level 6 in Unarmed Combat
  6640 | D:8      | Reached skill level 7 in Unarmed Combat
  6765 | D:8      | Found a staircase to the Lair.
  6795 | D:8      | Reached skill level 8 in Unarmed Combat
  6795 | D:8      | Reached XP level 10. HP: 36/64 MP: 16/16
  7218 | D:8      | Found a runed translucent door.
  7218 | D:8      | Noticed Darkdwarf's ghost (novice DDFi)
  7240 | D:8      | Noticed a two-headed ogre
  7250 | D:8      | Killed a two-headed ogre
  7250 | D:8      | Reached skill level 9 in Unarmed Combat
  7663 | D:8      | Reached ** piety under Hepliaklqana
  7664 | D:8      | Remembered your ancestor Thoko as a battlemage
  7673 | D:8      | Found a sacrificial altar of Ru.
  7781 | D:8      | Reached skill level 10 in Unarmed Combat
  8878 | D:9      | Upgraded the game from 0.25-a0-737-g26c3a87c45 to
                  | 0.25-a0-743-g84dc20635f
  9010 | D:9      | Reached skill level 11 in Unarmed Combat
  9116 | D:9      | Found an opulent altar of Gozag.
  9455 | D:9      | Reached XP level 11. HP: 52/72 MP: 13/17
  9765 | D:10     | Entered Level 10 of the Dungeon
 10038 | D:10     | Noticed Nergalle
 10052 | D:10     | Killed Nergalle
 10276 | D:10     | Reached *** piety under Hepliaklqana
 10911 | D:10     | Found Uhunukuc's Gadget Shoppe.
 10914 | D:10     | Bought a wand of digging (3) for 168 gold pieces
 11491 | D:11     | Noticed a green ugly thing
 11500 | D:11     | Killed a green ugly thing
 11500 | D:11     | Reached skill level 12 in Unarmed Combat
 11943 | D:11     | Reached skill level 1 in Shields
 11975 | D:11     | Learned a level 5 spell: Blade Hands
 11975 | D:11     | Noticed an ettin
 11985 | D:11     | Annihilated by an ettin

Levels and vault maps discovered:
D:1:      dpeg_arrival_round_a, layout_rooms
D:2:      layout_rooms, lemuel_crystal_altar
D:3:      layout_loops_ring, portal_sewer_entry_d
D:4:      layout_cave_pools, lemuel_round_altar, lemuel_coloured_pillars_altar,
          first_ration, serial_shops, shop, uniq_crazy_yiuf_cottage
D:5:      layout_rooms, nicolae_qazlal_general_emergency, vehumet_crystals
D:6:      layout_basic, cheibriados_altar_1, elyvilon_altar_5,
          minmay_temple_entry_proselytizer, serial_shops, kennysheep_mini
D:7:      layout_loops_ring, serial_undead, serial_undead_d, serial_undead_f,
          serial_undead_d, serial_undead_f, serial_undead_a, serial_undead_f,
          serial_undead_e
D:8:      layout_loops_corners, marbit_many_paths, due_lair_maze_entry_diamond,
          gammafunk_ghost_grave
D:9:      layout_long_grid, nicolae_gozag_cash_rules_everything_around_me,
          serial_bayou, serial_bayou_pond_b, serial_bayou_lake_a,
          serial_bayou_shore_a, serial_bayou_crossing, hangedman_pestilent_swarm
D:10:     layout_loops_corners, serial_shops, nicolae_shop_behind_doors, pond,
          uniq_nergalle
D:11:     giant_chief_lemuel, layout_rooms, grunt_ministairs_6

Skill      XL: |  1  2  3  4  5  6  7  8  9 10 11 |
---------------+----------------------------------+-----
Unarmed Combat | 4 5 8 11 12 | 12.4
Stealth        | 1 2 3 4 |  4.0
Spellcasting   | 3 4 |  4.2
Transmutations | 3 4 6 8 9 |  9.2
Poison Magic   | 1 |  1.0
Throwing       | 1 2 3 |  3.5
Ice Magic      | 1 3 4 |  4.0
Hexes          | 2 |  2.5
Dodging        | 2 3 4 |  4.2
Fighting       | 3 4 |  4.2
Shields        | 1 |  1.6

Action                   |  1- 3 |  4- 6 |  7- 9 | 10-12 || total
-------------------------+-------+-------+-------+-------++-------
Melee: Unarmed           |   135 |   149 |   251 |   252 ||   787
       Kick              |    13 |     7 |     5 |       ||    25
       Headbutt          |     8 |     3 |     7 |     2 ||    20
       Tailslap          |     8 |    12 |     6 |    15 ||    41
       Punch             |     7 |     1 |     3 |     3 ||    14
Throw: Stone             |       |     2 |       |       ||     2
       Dart              |       |     6 |     2 |       ||     8
       Boomerang         |       |       |       |     7 ||     7
 Cast: Beastly Appendage |    24 |    18 |     7 |     3 ||    52
       Sticks to Snakes  |     1 |     7 |     1 |     5 ||    14
       Spider Form       |       |     6 |     5 |     4 ||    15
       Ice Form          |       |       |    11 |    15 ||    26
       Confusing Touch   |       |       |     3 |     4 ||     7
Invok: Recall Ancestor   |       |     1 |       |     1 ||     2
       Ancestor Identity |       |     1 |       |       ||     1
       Ancestor Life: Ba |       |       |       |     1 ||     1
 Abil: Breathe Steam     |       |       |    16 |    29 ||    45
       End Transformatio |       |       |       |     1 ||     1
  Use: Scroll            |     6 |     5 |     1 |     4 ||    16
       Potion            |     1 |       |       |       ||     1
 Stab: Sleeping          |       |       |     2 |     6 ||     8
       Confused          |       |       |     1 |       ||     1
       Distracted        |       |       |       |     2 ||     2
  Eat: Chunk             |     3 |     8 |     5 |    15 ||    31
       Ration            |       |       |     3 |     2 ||     5
Armor: Skin              |    62 |    47 |    81 |    43 ||   233
Dodge: Dodged            |    93 |    99 |   126 |    89 ||   407

Table legend:
 A = Non-vault XP
 B = Vault XP
 C = Vault XP percentage of total XP
 D = Non-vault monster count
 E = Vault monster count
 F = Vault count percentage of total count
                 A         B        C        D         E       F
            +---------+---------+-------+---------+---------+-------
      Total |   12366 |    5250 |  29.8 |     239 |      50 |  17.3
            +---------+---------+-------+---------+---------+-------
        D:1 |      58 |       0 |   0.0 |      26 |       0 |   0.0
        D:2 |      17 |       0 |   0.0 |       9 |       0 |   0.0
        D:3 |     208 |      13 |   5.9 |      28 |       1 |   3.4
        D:4 |     177 |      39 |  18.1 |      10 |       1 |   9.1
        D:5 |     498 |       0 |   0.0 |      13 |       0 |   0.0
        D:6 |     902 |      41 |   4.3 |      24 |       1 |   4.0
        D:7 |    1650 |     869 |  34.5 |      30 |      14 |  31.8
        D:8 |    2641 |     957 |  26.6 |      28 |       9 |  24.3
        D:9 |    1945 |     968 |  33.2 |      34 |       8 |  19.0
       D:10 |    2533 |    1322 |  34.3 |      18 |       6 |  25.0
       D:11 |    1737 |     924 |  34.7 |      19 |       4 |  17.4
      Sewer |       0 |     117 | 100.0 |       0 |       6 | 100.0
            +---------+---------+-------+---------+---------+-------
